 Dungeon Crawl Stone Soup version 0.28-a0-1412-gf95308ed99 (webtiles) character file.

Game seed: 3609428612316698437

8 Adrian566 the Skirmisher (level 2, -3/24 HPs)
             Began as a Demonspawn Fighter on Jan 6, 2022.
             Slain by Terence (9 damage)
             ... on level 2 of the Dungeon.
             The game lasted 00:00:17 (384 turns).

Adrian566 the Skirmisher (Demonspawn Fighter)        Turns: 384, Time: 00:00:17

Health: -3/24      AC:  8    Str: 16    XL:     2   Next: 0%
Magic:  2/2        EV:  8    Int:  9    God:
Gold:   32         SH:  4    Dex: 12    Spells: 1/1 levels left

rFire   . . .      SeeInvis .   a - +0 long sword
rCold   . . .      Faith    .   c - +0 buckler
rNeg    . . .      Spirit   .   b - +0 scale mail
rPois   .          Reflect  .   (no helmet)
rElec   .          Harm     .   (no cloak)
rCorr   .          Rampage  .   (no gloves)
Will    .....                   (no boots)
Stlth   ..........              (no amulet)
HPRegen 0.08/turn               (no ring)
MPRegen 0.08/turn               (no ring)

@: mighty
A: yellow scales 1
a: no special abilities


You were on level 2 of the Dungeon.
You visited 1 branch of the dungeon, and saw 2 of its levels.

You collected 32 gold pieces.

Inventory:

Hand Weapons
 a - a +0 long sword (weapon)
Armour
 b - a +0 scale mail (worn)
 c - a +0 buckler (worn)


   Skills:
 + Level 3.1 Fighting
 + Level 1.9 Long Blades
 + Level 2.8 Armour
 + Level 2.9 Shields


You had one spell level left.
You didn't know any spells.
Your spell library was empty.

Dungeon Overview and Level Annotations

Branches:
Dungeon (1/15)

Altars:

Annotations:
D:2 Terence


Innate Abilities, Weirdness & Mutations

You are partially covered in yellow scales. (AC +2)


Message History

There are monsters nearby!
There are monsters nearby!
The hobgoblin closely misses you. The hobgoblin hits you.
You open the large door. The hobgoblin closely misses you.
The ball python bites you but does no damage.
The ball python grabs you. The ball python constricts you.
The hobgoblin hits you.
There is a large open door here.
You escape the ball python's grasp.
You hit the hobgoblin but do no damage. You block the hobgoblin's attack.
You closely miss the hobgoblin. You block the hobgoblin's attack.
You barely miss the hobgoblin. The hobgoblin barely misses you. x2
You hit the hobgoblin.
The hobgoblin is heavily wounded.
The hobgoblin hits you.
You barely miss the hobgoblin.
The hobgoblin is heavily wounded.
You block the hobgoblin's attack.
You hit the hobgoblin.
You kill the hobgoblin!
The ball python barely misses you. x2; Terence drinks a potion.
Terence seems to grow stronger.
You hit the ball python.
You kill the ball python!
Terence says, "Time to say good-bye..."
You have reached level 2!
Your demonic ancestry asserts itself...
Yellow scales grow over part of your body.
You feel very mighty all of a sudden. You block Terence's attack.
You slash Terence!
Terence is heavily wounded.
Terence hits you with a +0 mace!
* * * LOW HITPOINT WARNING * * *
You block Terence's attack.
You hit Terence.
Terence is severely wounded.
Terence hits you with a +0 mace!
You die...

..$....## ##
........##..#
.........##.#
..........#.#
§≈≈≈......#.#
≈≈§≈......#.#
≈≈§≈......'.#
≈≈≈§......'.######.#
§≈§§......#...@@...#
§§≈≈......#######..#
§.........# .#
.........## #
........## .......##
......#


You could see Terence (strong).

Vanquished Creatures
  An endoplasm (D:1)
  2 hobgoblins
  A ball python (D:2)
  A bat (D:1)
  A frilled lizard (D:1)
  A kobold (D:1)
  2 rats (D:1)
9 creatures vanquished.

Notes
Turn   | Place    | Note
-------+----------+-------------------------------------------
     0 | D:1      | Adrian566 the Demonspawn Fighter began the quest for the
                  | Orb.
     0 | D:1      | Reached XP level 1. HP: 18/18 MP: 1/1
   365 | D:1      | You fall into a shaft and drop 1 floor!
   365 | D:2      | Noticed Terence
   382 | D:2      | Gained mutation: You are partially covered in yellow
                  | scales. (AC +2) [demonic ancestry]
   382 | D:2      | Reached XP level 2. HP: 15/24 MP: 2/2
   384 | D:2      | Slain by Terence

Illustrated notes

Levels and vault maps discovered:
D:1:      scummos_arrival_simple_fountains, layout_basic,
          hellmonk_ecumenical_altar_leap_of_faith, minmay_split_cup_large
D:2:      layout_loops_ring, kennysheep_big_empty_room, uniq_terence

Action                   || total
-------------------------++-------
Melee: Long sword        ||    22
  Use: Potion            ||     1
Armor: Scale mail        ||     5
Dodge: Dodged            ||    13
Block: Buckler           ||     8

Table legend: (Time is in decaauts)
 A = Elapsed time spent in this place.
 B = Non-inter-level travel time spent in this place.
 C = Inter-level travel time spent in this place.
 D = Time resting spent in this place.
 E = Time spent auto-exploring this place.
 F = Levels seen in this place.
 G = Mean time per level.
                   A        B        C        D        E       F      G
               +--------+--------+--------+--------+--------+-----+--------+
         Total |    391 |    391 |      0 |      0 |    331 |   2 |  195.5 |
       Dungeon |    391 |    391 |      0 |      0 |    331 |   2 |  195.5 |
               +--------+--------+--------+--------+--------+-----+--------+

Top non-repeatable levels by time:
     D:1: 369 daAuts
     D:2: 21 daAuts
